 Dungeon Crawl Stone Soup version 0.19.0-11-g3fc08b3 (webtiles) character file.

240 dobroeutro the Chopper (level 5, -2/45 HPs)
             Began as a Minotaur Berserker on Nov 9, 2016.
             Was a Believer of Trog.
             Slain by a worker ant (5 damage)
             ... on level 4 of the Dungeon.
             The game lasted 00:02:11 (2159 turns).

dobroeutro the Chopper (Minotaur Berserker)         Turns: 2159, Time: 00:02:12

Health: -2/45      AC:  2    Str: 22    XL:     5   Next: 80%
Magic:  4/4        EV: 12    Int:  5    God:    Trog [**....]
Gold:   88         SH:  0    Dex:  9    Spells: 0 memorised, 4 levels left

rFire  . . .     SeeInvis .     a - +0 hand axe
rCold  . . .     Gourm    .     b - +0 animal skin
rNeg   . . .     Faith    .     (no shield)
rPois  .         Spirit   .     (helmet restricted)
rElec  .         Reflect  .     (no cloak)
rCorr  .         Harm     .     (no gloves)
MR     .....                    (no boots)
Stlth  +.........               (no amulet)
                                (no ring)
                                (no ring)

@: lethally poisoned (-2 -> -4)
A: retaliatory headbutt, horns 2
a: Berserk, Trog's Hand, Burn Spellbooks, Renounce Religion


You were on level 4 of the Dungeon.
You worshipped Trog.
Trog was pleased with you.
You were not hungry.

You visited 1 branch of the dungeon, and saw 4 of its levels.

You collected 88 gold pieces.

Inventory:

Hand Weapons
 a - a +0 hand axe (weapon)
Armour
 b - a +0 animal skin (worn)
Jewellery
 j - an uncursed ring of resist corrosion {unknown}
Scrolls
 f - 6 scrolls of random uselessness {unknown}
 i - a scroll of fog {unknown}
 n - a scroll of fear {unknown}
 o - a scroll of remove curse {unknown}
 p - 3 scrolls of identify {unknown}
 q - a scroll of recharging {unknown}
 r - a scroll of noise {unknown}
 t - a scroll of magic mapping {unknown}
 x - 2 scrolls of immolation {unknown}
Potions
 e - a potion of might {unknown}
 g - a potion of haste {unknown}
 k - a potion of resistance {unknown}
 l - a potion of mutation {unknown}
 m - a potion of berserk rage {unknown}
 s - a potion of heal wounds {unknown}
 w - a potion of curing {unknown}
Comestibles
 c - 3 bread rations
 d - 4 meat rations
 h - a slice of pizza
 u - a beef jerky
 v - 7 chunks of flesh


   Skills:
 - Level 3.6 Fighting
 + Level 7.9 Axes
 - Level 2.4 Armour
 - Level 2.1 Dodging


You had 4 spell levels left.
You didn't know any spells.

Dungeon Overview and Level Annotations

Branches:
Dungeon (4/15)
 Temple: D:4-7

Altars:


Innate Abilities, Weirdness & Mutations

You reflexively headbutt those who attack you in melee.
You have a pair of horns on your head.


Message History

You are too injured to fight recklessly!
You are too injured to fight recklessly!
You are too injured to fight recklessly!
You are too injured to fight recklessly!
You are too injured to fight recklessly!
Okay, then.
You completely miss the worker ant. Your headbutt misses the worker ant.
The worker ant is moderately wounded.
You feel sick. The worker ant bites you.
* * * LOW HITPOINT WARNING * * *
* * * LOW HITPOINT WARNING * * *
You feel sick.
* * * LOW HITPOINT WARNING * * *
You feel sick. The worker ant barely misses you.
* * * LOW HITPOINT WARNING * * *
You feel sick.
* * * LOW HITPOINT WARNING * * *
You feel sick. The worker ant bites you.
You die...

##.#...# #....... . #....##
#....... ##. ##....# #.......
... .#....## #.......
#.###.#.#...# #.......
#.....#.#...# #.......
##.#...#...>.######.......
..#####.....###a................
...............@.........#######
######.##.###...........# #..
#....##..)............# #.#
####.##########..........# ###.#
#....<# #######....###...#
#.###.# ###......### # #.#
#......##. #.. #.....###. #.##
#.....# #.


You could see a worker ant.

Vanquished Creatures
  An ogre (D:4)
  An orc priest (D:4)
  An orc wizard (D:4)
  3 adders
  An ooze (D:1)
  4 dart slugs
  5 leopard geckos
  2 orcs
  7 bats
  A giant cockroach (D:3)
  9 goblins
  6 hobgoblins (D:2)
  4 jackals (D:3)
  6 kobolds
  A quokka (D:2)
  4 frilled lizards
  A leopard gecko skeleton (D:4)
  5 rats
62 creatures vanquished.

Notes
Turn   | Place    | Note
-------+----------+-------------------------------------------
     0 | D:1      | dobroeutro the Minotaur Berserker began the quest for the Orb.
     0 | D:1      | Reached XP level 1. HP: 19/19 MP: 0/0
   112 | D:1      | Reached skill level 4 in Axes
   129 | D:1      | Reached XP level 2. HP: 10/26 MP: 1/1
   766 | D:1      | Reached skill level 5 in Axes
   880 | D:1      | Reached XP level 3. HP: 30/31 MP: 2/2
  1212 | D:2      | Reached ** piety under Trog
  1256 | D:2      | Reached XP level 4. HP: 33/39 MP: 3/3
  1357 | D:2      | Reached skill level 6 in Axes
  2017 | D:4      | Noticed an ogre
  2020 | D:4      | Killed an ogre
  2020 | D:4      | Reached skill level 7 in Axes
  2020 | D:4      | Reached XP level 5. HP: 45/45 MP: 4/4
  2159 | D:4      | Slain by a worker ant

Skill      XL: |  1  2  3  4 |
---------------+-------------+-----
Axes           | 4 5 7 |  7.9
Fighting       | |  3.6
Armour         | |  2.4
Dodging        | |  2.1

Action                   |  1- 3 |  4- 6 || total
-------------------------+-------+-------++-------
Melee: Hand axe          |    77 |    59 ||   136
       Headbutt          |     9 |    11 ||    20
Invok: Berserk           |       |     1 ||     1
 Stab: Sleeping          |     1 |       ||     1
  Eat: Chunk             |       |     5 ||     5
Armor: Animal skin       |    14 |    11 ||    25
Dodge: Dodged            |    47 |    26 ||    73
